 Dungeon Crawl Stone Soup version 0.18-a0-316-gf882de5 (webtiles) character file.

970 kosy22 the Ducker (level 7, 0/68 HPs)
             Began as a Troll Fighter on Nov 27, 2015.
             Succumbed to poison (a potion of poison)
             ... on level 5 of the Dungeon.
             The game lasted 00:08:46 (4074 turns).

kosy22 the Ducker (Troll Fighter)                   Turns: 4074, Time: 00:08:46

Health: 0/68       AC:  5    Str: 27    XL:     7   Next: 94%
Magic:  6/6        EV:  9    Int:  4    God:
Gold:   197        SH:  9    Dex:  9    Spells: 0 memorised, 6 levels left

rFire  . . .     SeeInvis .       - Unarmed
rCold  . . .     Clarity  .     b - +0 robe
rNeg   . . .     SustAt   .     c - +0 shield
rPois  .         Gourm    +     (helmet restricted)
rElec  .         Spirit   .     (no cloak)
rCorr  .         Warding  .     (gloves unavailable)
rMut   .         Stasis   .     (boots unavailable)
MR     .....                    (no amulet)
Stlth  +.........               (no ring)
                                (no ring)

@: lethally poisoned (0 -> -9), not resistant to hostile enchantments, very
unstealthy
A: unfitting armour, claws 3, fast metabolism 3, gourmand, regeneration 2,
shaggy fur 1, tough skin 2
a: no special abilities


You were on level 5 of the Dungeon.
You were not hungry.

You visited 1 branch of the dungeon, and saw 5 of its levels.

You collected 197 gold pieces.

Inventory:

Hand Weapons
 y - a +0 dagger
Armour
 b - a +0 robe (worn)
 c - a +0 shield (worn)
Jewellery
 f - an uncursed ring of sustain attributes {unknown}
 t - a +3 ring of evasion {unknown}
Scrolls
 g - 2 scrolls of magic mapping {unknown}
 h - a scroll of immolation {unknown}
 i - a scroll of remove curse {unknown}
 j - 2 scrolls of identify {unknown}
 l - 2 scrolls of teleportation {unknown}
 n - a scroll of blinking {unknown}
 q - 2 scrolls of amnesia {unknown}
 r - a scroll of random uselessness {unknown}
 s - a scroll of fear {unknown}
 w - a scroll of recharging {unknown}
Potions
 a - 2 potions of magic {unknown}
 d - 2 potions of might
 k - a potion of heal wounds {unknown}
 o - a potion of cancellation {unknown}
 p - a potion of brilliance {unknown}
 u - 2 potions of poison
 v - a potion of curing {unknown}
 z - a potion of lignification {unknown}
Miscellaneous
 m - a plain deck of changes {drawn: 3}
Comestibles
 e - 2 bread rations
 x - 2 meat rations


   Skills:
 + Level 3.8 Fighting
   Level 1.5 Axes
 + Level 5.1 Dodging
 + Level 0.7 Stealth
 + Level 3.9 Shields
 + Level 4.6 Unarmed Combat
 + Level 0.3 Evocations


You had 6 spell levels left.
You didn't know any spells.

Dungeon Overview and Level Annotations

Branches:
Dungeon (5/15)
 Temple: D:4-7

Altars:
Cheibriados
Dithmenos
Elyvilon
Fedhas
Kikubaaqudgha
Nemelex Xobeh
Okawaru
Sif Muna
Yredelemnul
Zin


Innate Abilities, Weirdness & Mutations

You are too large for most types of armour.
You have claws for hands.
Your metabolism is lightning-fast.
You like to eat raw meat.
You heal very quickly.
You are covered in fur (AC +1).
You have very tough skin (AC +2).


Message History

The ogre barely misses you. The scorpion stings you!
You scratch the scorpion.
The scorpion is heavily wounded.
You block the scorpion's attack.
The ogre hits you with a giant spiked club!!
* * * LOW HITPOINT WARNING * * *
You claw the scorpion!
You kill the scorpion!
You closely miss the scorpion. The scorpion stings you.
* * * LOW HITPOINT WARNING * * *
You are poisoned.
The scorpion poisons you! You block the ogre's attack.
* * * LOW HITPOINT WARNING * * *
You feel sick.
There is a large open door here.
Drink which item? (? for menu, Esc to quit)
It was a potion of poison.
That liquid tasted very nasty...
You are lethally poisoned!
You die...

###.#########
#.###..##♣...._.♣♣ #.# #.#
##..#♣.....⌠♣♣ #.# #.#
#..##♣....♣#♣ ###<# #.#
#...#♣♣♣♣♣#♣. .##.# #.#
#.#.######♣.. ....#### #.#
#.#.........♣ .......#
##.####.####.....## .#####.#
#...[##.######...(. .# #.#
#'@####>.....(..... .# ##.##
♣.s♣ ##########.## .####...#
♣O†♣ #.....# ........# ♣..♣
#.###.# #####..## ♣..♣ #.# #.#
#####.## ♣..♣ #.###.# ....#.#
♣..♣ #.....# ......# ♣..♣
###.###
....#.#♣♣♣♣♣♣♣♣..♣♣♣♣♣♣♣♣####.#


You could see an ogre and a scorpion.

Vanquished Creatures
  The ghost of Raultor the Changer, an amateur OpTm (D:3)
  An ogre (D:4)
  A phantom (D:4)
  2 scorpions
  A crimson imp (D:5)
  A giant frog skeleton (D:5)
  2 jellies (D:5)
  3 orc priests
  2 worker ants
  Natasha (twice) (D:2)
  4 orc wizards (D:5)
  3 gnolls (D:2)
  6 adders
  4 giant geckos
  22 orcs
  4 giant cockroaches
  5 hobgoblins
  8 jackals
  7 kobolds
  2 quokkas (D:3)
  A ball python (D:2)
  4 bats
  3 giant newts (D:3)
  3 goblins
  A jackal skeleton (D:4)
  6 rats
99 creatures vanquished.

Notes
Turn   | Place    | Note
--------------------------------------------------------------
     0 | D:1      | kosy22 the Troll Fighter began the quest for the Orb.
     0 | D:1      | Reached XP level 1. HP: 22/22 MP: 0/0
   211 | D:1      | Reached XP level 2. HP: 29/29 MP: 1/1
  1011 | D:2      | Reached skill level 1 in Unarmed Combat
  1011 | D:2      | Reached XP level 3. HP: 36/36 MP: 2/2
  1068 | D:2      | Reached skill level 3 in Dodging
  1203 | D:2      | Reached XP level 4. HP: 42/44 MP: 3/3
  1413 | D:2      | Noticed Natasha
  1422 | D:2      | Killed Natasha
  1651 | D:2      | Noticed Natasha
  1658 | D:2      | Killed Natasha
  1676 | D:2      | You fall through a shaft for 2 floors!
  1758 | D:4      | Found a shadowy altar of Dithmenos.
  1762 | D:4      | Found a glowing silver altar of Zin.
  1765 | D:4      | Noticed a phantom
  1801 | D:4      | Reached XP level 5. HP: 12/50 MP: 4/4
  1822 | D:4      | Killed a phantom
  1914 | D:4      | Noticed an ogre
  1922 | D:4      | Killed an ogre
  1922 | D:4      | Reached skill level 4 in Dodging
  1922 | D:4      | Reached XP level 6. HP: 28/61 MP: 5/5
  2039 | D:3      | Noticed Raultor's ghost (amateur OpTm)
  2046 | D:3      | Killed Raultor's ghost
  2256 | D:3      | Found an ancient bone altar of Kikubaaqudgha.
  2385 | D:3      | Reached XP level 7. HP: 9/67 MP: 6/6
  3163 | D:4      | Found a deep blue altar of Sif Muna.
  3282 | D:5      | Entered Level 5 of the Dungeon
  3536 | D:5      | Found a basalt altar of Yredelemnul.
  3598 | D:5      | Found a sparkling altar of Nemelex Xobeh.
  3679 | D:5      | Found an iron altar of Okawaru.
  3724 | D:5      | Reached skill level 5 in Dodging
  3826 | D:5      | Found a snail-covered altar of Cheibriados.
  3826 | D:5      | Found a blossoming altar of Fedhas.
  4013 | D:5      | Found a white marble altar of Elyvilon.
  4072 | D:5      | HP: 2/68 [scorpion (4)]
  4074 | D:5      | Succumbed to poison (a potion of poison)

Vault maps used:
D:1:      lemuel_arrival_rhombus, minmay_crystal_room, minivault_23,
          due_unseen_surprise
D:2:      uniq_natasha
D:3:      kiku_gazebo_pond_becter, st_stairs_8
D:4:      grunt_temple_overflow_open, lemuel_round_altar
D:5:      kennysheep_big_flooded_room, kennysheep_ying_yang,
          gammafunk_temple_overflow_elements, okawaru_gym_becter, nemelex_deck,
          first_bread

Action                   |  1- 3 |  4- 6 |  7- 9 || total
-------------------------+-------+-------+-------++-------
Melee: Unarmed           |    92 |   149 |   134 ||   375
Evoke: Deck              |       |       |     3 ||     3
  Use: Potion            |       |       |     1 ||     1
 Stab: Distracted        |       |       |     1 ||     1
  Eat: Chunk             |     9 |     7 |     8 ||    24
       Bread ration      |     1 |       |     1 ||     2
       Fruit             |     1 |       |       ||     1
       Beef jerky        |       |       |     1 ||     1
